 Dungeon Crawl Stone Soup version 0.29-a0-872-g797fff5ad1 (webtiles) character file.

Game seed: 5038688888084329600

411 jrickds the Vexing (level 6, -1/28 HPs)
             Began as a Spriggan Enchanter on July 18, 2022.
             Slain by an orc warrior
             ... wielding a +0 halberd
              (13 damage)
             ... on level 4 of the Dungeon.
             The game lasted 00:06:51 (4688 turns).

jrickds the Vexing (Spriggan Enchanter)             Turns: 4688, Time: 00:06:52

Health: -1/28      AC:  3    Str:  6    XL:     6   Next: 58%
Magic:  2/16       EV: 17    Int: 16    God:
Gold:   67         SH:  0    Dex: 16    Spells: 6/17 levels left

rFire   . . .      SeeInvis +   d - +1 dagger (elec)
rCold   . . .      Faith    .   (no shield)
rNeg    . . .      Spirit   .   b - +1 robe
rPois   .          Reflect  .   (helmet restricted)
rElec   .          Harm     .   (no cloak)
rCorr   .          Rampage  .   (gloves unavailable)
Will    +....                   (boots unavailable)
Stlth   +++.......              (no amulet)
HPRegen 0.09/turn               (no ring)
MPRegen 0.15/turn               (no ring)

@: very quick
A: very small, no large weapons, unfitting armour, see invisible, speed 3
a: no special abilities


You were on level 4 of the Dungeon.
You visited 1 branch of the dungeon, and saw 4 of its levels.

You collected 67 gold pieces.

Inventory:

Hand Weapons
 a - a +1 dagger
 d - a +1 dagger of electrocution (weapon)
Missiles
 k - 9 poisoned darts (quivered)
Armour
 b - a +1 robe (worn)
Jewellery
 i - an amulet of magic regeneration
Scrolls
 j - 2 scrolls of teleportation
 m - a scroll of torment
Potions
 c - 3 potions of invisibility
 e - a potion of resistance
 f - a potion of degeneration {unknown}
 g - 2 potions of curing
 h - a potion of flight
 l - a potion of haste
 n - a potion of heal wounds {unknown}


   Skills:
 - Level 1.1 Short Blades
 - Level 2.6 Dodging
 + Level 6.0 Stealth
 + Level 6.0 Spellcasting
 + Level 6.5 Hexes


You had 6 spell levels left.
You knew the following spells:

 Your Spells              Type           Power      Damage    Failure   Level
a - Ensorcelled Hibernat  Hex/Ice        30%        N/A       5%          2
b - Tukima's Dance        Hex            25%        N/A       2%          3
c - Dazzling Flash        Conj/Hex       30%        N/A       11%         3
d - Confusing Touch       Hex            25%        N/A       2%          3

Your spell library contained the following spells:

 Spells                   Type           Power      Damage    Failure   Level
 Portal Projectile        Hex/Tloc       30%        N/A       11%         3
 Sting                    Tmut/Pois      16%        1d3       14%         1
 Poisonous Vapours        Pois/Air       8%         N/A       21%         2
 Leda's Liquefaction      Hex/Erth       7%         N/A       34%         4
 Call Canine Familiar     Summ           4%         N/A       38%         3
 Olgreb's Toxic Radiance  Pois           4%         N/A       80%         4


Dungeon Overview and Level Annotations

Branches:
Dungeon (4/15)
 Temple: D:4-7

Altars:


Innate Abilities, Weirdness & Mutations

You are very small and have problems with some larger weapons.
You are too small for most types of armour.
You have supernaturally acute eyesight. (SInv)
You cover ground extremely quickly. (Speed+++)


Message History

Press: ? - help, Shift-Dir - straight line, f - gnoll
Aim: a gnoll, wielding a +0 spear (almost dead, chance to affect: 57%)
The gnoll looks drowsy...
The orc warrior closely misses you.
The gnoll shouts!
You barely miss the gnoll.
The gnoll is almost dead.
The orc warrior misses you. The gnoll completely misses you.
Casting: Ensorcelled Hibernation (safe; 5% risk of failure)
Confirm with . or Enter, or press ? or * to list all spells.
Aiming: Tukima's Dance (dangerous; 3% risk of failure)
Press: ? - help, Shift-Dir - straight line, f/p - gnoll
Aim: a gnoll, wielding a +0 spear (severely wounded, chance to affect: 65%)
The +0 spear dances into the air!
The gnoll hits your +0 spear.
Your +0 spear falls from the air.
Unknown command.
Casting: Tukima's Dance (dangerous; 3% risk of failure)
Confirm with . or Enter, or press ? or * to list all spells.
Aiming: Ensorcelled Hibernation (safe; 5% risk of failure)
Press: ? - help, Shift-Dir - straight line, f - adder
Aim: an adder (chance to affect: 57%)
The adder looks drowsy...
The helpless adder fails to defend itself.
You impale the adder!!
You kill the adder!
Casting: Ensorcelled Hibernation (safe; 5% risk of failure)
Confirm with . or Enter, or press ? or * to list all spells.
You don't have enough magic to cast this spell.
Unknown command.
You see here an adder corpse.
You hit the gnoll but do no damage. Lightning courses through the gnoll!
You kill the gnoll!
Your Stealth skill increases to level 6!
Your Spellcasting skill increases to level 6!
You hit the orc warrior but do no damage.
Lightning courses through the orc warrior!!
The orc warrior is almost dead.
The orc warrior hits you with a +0 halberd.
The orc warrior hits you from afar with a +0 halberd!
You die...

##.....##..# #.......##
##...#...)# #.>......#
###......###.<......##
##.........##.(.......#
#...(.....o##.........##
##...........##.........#
##...#........Y##.......##
#
.....#####....o#####....##
## .....#
#####W.@........#### ##.
.....#
####.########....###..
.....# #....†.####
#####..... #..†.#
##.........#### ###...
##...# #.............#
#... ##..# #.............#
#... #### ###############
###. ## #


You could see an orc warrior and a phantom.

Vanquished Creatures
  2 hounds
  Natasha (thrice) (D:2)
  An orc wizard (D:2)
  4 gnolls
  10 adders
  3 worms
  3 dart slugs
  3 orcs
  8 endoplasms
  2 giant cockroaches
  9 goblins
  7 hobgoblins
  4 jackals (D:1)
  2 kobolds (D:1)
  4 quokkas
  5 ball pythons
  4 bats
  2 frilled lizards
  5 rats
81 creatures vanquished.

Vanquished Creatures (collateral kills)
  Terence (D:2)
  A gnoll (D:3)
2 creatures vanquished.

Vanquished Creatures (others)
  3 dancing weapons
3 creatures vanquished.

Grand Total: 86 creatures vanquished

Notes
Turn   | Place    | Note
-------+----------+-------------------------------------------
     0 | D:1      | jrickds the Spriggan Enchanter began the quest for the Orb.
     0 | D:1      | Reached XP level 1. HP: 9/9 MP: 5/5
   219 | D:1      | Reached XP level 2. HP: 13/13 MP: 7/7
   222 | D:1      | Learned a level 2 spell: Ensorcelled Hibernation
   689 | D:1      | Reached XP level 3. HP: 16/16 MP: 9/9
   703 | D:1      | Learned a level 3 spell: Tukima's Dance
   707 | D:1      | Learned a level 3 spell: Confusing Touch
   909 | D:1      | Found a faded altar of an unknown god.
  1898 | D:2      | Reached XP level 4. HP: 18/21 MP: 11/11
  2075 | D:2      | Reached skill level 5 in Hexes
  2230 | D:2      | Noticed Natasha
  2252 | D:2      | Killed Natasha
  2320 | D:2      | Noticed Natasha
  2323 | D:2      | Killed Natasha
  2397 | D:2      | Noticed Natasha
  2425 | D:2      | Killed Natasha
  2426 | D:2      | Reached skill level 5 in Spellcasting
  2426 | D:2      | Reached XP level 5. HP: 14/24 MP: 3/13
  2679 | D:2      | Noticed Terence
  2698 | D:2      | Killed Terence
  3208 | D:3      | Reached skill level 5 in Stealth
  3325 | D:3      | Learned a level 3 spell: Dazzling Flash
  3364 | D:3      | Reached XP level 6. HP: 28/28 MP: 12/15
  4630 | D:4      | Noticed an orc warrior
  4647 | D:4      | Noticed a sky beast
  4688 | D:4      | Slain by an orc warrior

Illustrated notes

Levels and vault maps discovered:
D:1:      dpeg_arrival_morbid_curiosity, layout_basic, basic_ecumenical_altar
D:2:      layout_basic, kennysheep_cross_bottleneck, uniq_natasha, uniq_terence
D:3:      wad_river_or_something, layout_rooms
D:4:      layout_cave_pods, dk_yredelemnul_ordeal, kiku_gazebo_garden_becter,
          lemuel_round_altar, minmay_temple_entry_ruins, minmay_manual_mess

Skill      XL: |  1  2  3  4  5  6 |
---------------+-------------------+-----
Spellcasting   | 3 4 5 6 |  6.0
Hexes          | 4 5 6 |  6.5
Stealth        | 5 6 |  6.0
Short Blades   | |  1.1
Dodging        | |  2.6

Action                   |  1- 3 |  4- 6 || total
-------------------------+-------+-------++-------
Melee: Dagger            |    83 |   122 ||   205
       Punch             |       |     1 ||     1
Throw: Dart              |       |     2 ||     2
 Cast: Ensorcelled Hiber |     6 |    31 ||    37
       Tukima's Dance    |       |     9 ||     9
  Use: Scroll            |     4 |     6 ||    10
       Potion            |       |     1 ||     1
 Stab: Sleeping          |    15 |    26 ||    41
Armor: Robe              |     9 |    13 ||    22
Dodge: Dodged            |    66 |   100 ||   166

Table legend: (Time is in decaauts)
 A = Elapsed time spent in this place.
 B = Non-inter-level travel time spent in this place.
 C = Inter-level travel time spent in this place.
 D = Time resting spent in this place.
 E = Time spent auto-exploring this place.
 F = Levels seen in this place.
 G = Mean time per level.
                   A        B        C        D        E       F      G
               +--------+--------+--------+--------+--------+-----+--------+
         Total |   3865 |   3815 |     50 |    814 |   2422 |   4 |  966.2 |
       Dungeon |   3865 |   3815 |     50 |    814 |   2422 |   4 |  966.2 |
               +--------+--------+--------+--------+--------+-----+--------+

Top non-repeatable levels by time:
     D:1: 1388 daAuts
     D:2: 1319 daAuts
     D:3: 957 daAuts
     D:4: 199 daAuts
